 Dungeon Crawl Stone Soup version 0.26.0-16-gc1dbca0489 (webtiles) character file.

Game seed: 10537130897275495490

72 kaeus the Skirmisher (level 4, -2/35 HPs)
             Began as a Demonspawn Fighter on Jan 21, 2021.
             Killed from afar by an orc wizard (6 damage)
             ... with a puff of flame
             ... on level 3 of the Dungeon.
             The game lasted 00:02:42 (1676 turns).

kaeus the Skirmisher (Demonspawn Fighter)           Turns: 1676, Time: 00:02:42

Health: -2/35      AC: 10    Str: 18    XL:     4   Next: 6%
Magic:  4/4        EV:  7    Int: 12    God:
Gold:   82         SH:  0    Dex: 12    Spells: 3/3 levels left

rFire    . . .     SeeInvis .   a - +0 war axe
rCold    + . .     Faith    .   c - +0 kite shield
rNeg     . . .     Spirit   .   b - +0 scale mail
rPois    .         Reflect  .   m - +2 hat {Int+3}
rElec    .         Harm     .   j - +0 cloak
rCorr    .         Rampage  .   (no gloves)
Will     .....                  (no boots)
Stlth    ..........             n - amulet of the acrobat
HPRegen  0.11/turn              k - ring of stealth
MPRegen  0.09/turn              (no ring)

@: confused
A: claws 1, cold resistance 1, powered by death 1
a: no special abilities


You were on level 3 of the Dungeon.
You visited 1 branch of the dungeon, and saw 3 of its levels.

You collected 82 gold pieces.

Inventory:

Hand Weapons
 a - a +0 war axe (weapon)
Armour
 b - a +0 scale mail (worn)
 c - a +0 kite shield (worn)
 j - a +0 cloak (worn)
 m - a +2 hat of intelligence (worn)
Jewellery
 k - a ring of stealth (left claw)
 n - an amulet of the acrobat (around neck)
Scrolls
 e - a scroll of fog {unknown}
 f - 2 scrolls of identify {unknown}
 i - a scroll of enchant weapon {unknown}
 l - a scroll of amnesia {unknown}
Potions
 d - a potion of might
 g - a potion of heal wounds {unknown}
 h - a potion of magic {unknown}


   Skills:
 + Level 3.5 Fighting
 + Level 2.4 Axes
 + Level 3.2 Armour
 + Level 3.2 Shields


You had 3 spell levels left.
You didn't know any spells.
Your spell library was empty.

Dungeon Overview and Level Annotations

Branches:
Dungeon (3/15)

Altars:


Innate Abilities, Weirdness & Mutations

You have sharp fingernails.
Your flesh is cold resistant. (rC+)
You regenerate a little health from kills.


Message History

You hear some strange, mumbled words.
You are more confused.
A magic dart appears from out of thin air!
The magic dart hits you but does no damage.
You bump into the rock wall.
Something hits you but does no damage.
You bump into the rock wall.
Something hits you.
* * * LOW HITPOINT WARNING * * *
Something hits you.
* * * LOW HITPOINT WARNING * * *
You bump into the rock wall.
Something hits you but does no damage. Something hits you.
* * * LOW HITPOINT WARNING * * *
You bump into the rock wall.
Something hits you but does no damage. x2
Something misses you. Something hits you.
* * * LOW HITPOINT WARNING * * *
There is a stone staircase leading up here.
You hear some strange, mumbled words.
A puff of flame appears from out of thin air!
The puff of flame hits you.
You die...

##### ####...####
#...@{.)..#
#............#
#.............
###............#
.......!...#.#.##
####.!#...##.#.#
§§§#.###### .# #
§§§#.


There were no monsters in sight!

Vanquished Creatures
  A gnoll (D:1)
  2 adders (D:2)
  A worm (D:2)
  An orc (D:3)
  4 bats (D:1)
  2 giant cockroaches (D:1)
  8 goblins
  3 hobgoblins
  4 jackals (D:1)
  5 kobolds
  2 frilled lizards
  5 rats (D:1)
38 creatures vanquished.

Notes
Turn   | Place    | Note
-------+----------+-------------------------------------------
     0 | D:1      | kaeus the Demonspawn Fighter began the quest for the Orb.
     0 | D:1      | Reached XP level 1. HP: 18/18 MP: 1/1
   338 | D:1      | Gained mutation: You have sharp fingernails. [demonic
                  | ancestry]
   338 | D:1      | Reached XP level 2. HP: 23/24 MP: 2/2
   701 | D:1      | Gained mutation: Your flesh is cold resistant. (rC+)
                  | [demonic ancestry]
   701 | D:1      | Reached XP level 3. HP: 29/29 MP: 3/3
  1117 | D:2      | Gained mutation: You regenerate a little health from kills.
                  | [demonic ancestry]
  1117 | D:2      | Reached XP level 4. HP: 15/35 MP: 4/4
  1676 | D:3      | Killed from afar by an orc wizard

Illustrated notes

Levels and vault maps discovered:
D:1:      dpeg_arrival_pits, layout_loops_ring
D:2:      layout_loops_ring
D:3:      layout_loops_corners, lemuel_doored_altar, corexii_corridor_pit,
          nicolae_qazlal_eye_of_the_storm, uniq_natasha, uniq_grinder

Skill      XL: |  1  2 |
---------------+-------+-----
Axes           | 2 |  2.4
Shields        | 3 |  3.2
Armour         | 3 |  3.2
Fighting       | |  3.5

Action                   |  1- 3 |  4- 6 || total
-------------------------+-------+-------++-------
Melee: War axe           |   141 |    18 ||   159
Armor: Scale mail        |    83 |    30 ||   113
Dodge: Dodged            |    36 |    10 ||    46
Block: Kite shield       |    77 |     5 ||    82
